 Dungeon Crawl Stone Soup version 0.26-a0-952-g76694b35de (webtiles) character file.

Game seed: 12454234389708543894

44 sokol815 the Sneak (level 3, -1/19 HPs)
             Began as a Kobold Enchanter on Nov 30, 2020.
             Killed by nerve-wracking pain
             ... invoked by Jessica
              (12 damage)
             ... on level 2 of the Dungeon.
             The game lasted 00:03:23 (997 turns).

sokol815 the Sneak (Kobold Enchanter)                Turns: 997, Time: 00:03:24

Health: -1/19      AC:  2    Str:  5    XL:     3   Next: 85%
Magic:  6/6        EV: 15    Int: 16    God:
Gold:   34         SH:  0    Dex: 16    Spells: 5/6 levels left

rFire    . . .     SeeInvis .   a - +1 dagger
rCold    . . .     Faith    .   (shield restricted)
rNeg     . . .     Spirit   .   b - +0 robe
rPois    .         Reflect  .   (no helmet)
rElec    .         Harm     .   (no cloak)
rCorr    .         Rampage  .   (no gloves)
MR       .....                  (no boots)
Stlth    ++++......             (no amulet)
HPRegen  0.06/turn              (no ring)
MPRegen  0.10/turn              (no ring)

@: no status effects
A: small, nightstalker 3
a: no special abilities


You were on level 2 of the Dungeon.
You visited 1 branch of the dungeon, and saw 2 of its levels.

You collected 34 gold pieces.

Inventory:

Hand Weapons
 a - a +1 dagger (weapon)
Missiles
 d - 61 stones
Armour
 b - a +0 robe (worn)
Scrolls
 c - a scroll of amnesia {unknown}
 e - a scroll of random uselessness {unknown}
 f - a scroll of enchant weapon {unknown}
 g - a scroll of fog {unknown}
Potions
 h - a potion of curing
 i - a potion of magic {unknown}


   Skills:
 + Level 2.7 Short Blades
 - Level 2.4 Dodging
 * Level 5.6 Stealth
 - Level 2.1 Spellcasting
 - Level 3.0 Hexes


You had 5 spell levels left.
You knew the following spells:

 Your Spells              Type           Power        Failure   Level
a - Corona                Hex            ##.....      6%          1

Your spell library contained the following spells:

 Spells                   Type           Power        Failure   Level
 Ensorcelled Hibernation  Hex/Ice        #.....       17%         2
 Confusing Touch          Hex            ##......     19%         3
 Tukima's Dance           Hex            ##......     19%         3
 Dazzling Flash           Conj/Hex       #.....       32%         3


Dungeon Overview and Level Annotations

Branches:
Dungeon (2/15)

Altars:

Annotations:
D:2 Jessica


Innate Abilities, Weirdness & Mutations

You are small and have problems with some larger weapons.
You are completely attuned to the shadows.


Message History

Jessica barely misses you.
You hit Jessica.
Jessica is moderately wounded.
Jessica completely misses you.
You closely miss Jessica.
Jessica is moderately wounded.
A goblin comes into view.
Jessica hits you.
You barely miss Jessica.
Jessica is moderately wounded.
Jessica hits you.
You closely miss Jessica.
Jessica is moderately wounded.
You completely miss Jessica.
Jessica is moderately wounded.
Jessica shouts, "You are a ghastly nuisance!"
Jessica casts a spell at you. Pain shoots through your body!
Ouch! That really hurt!
You die...

..# #.# #. ..
#.####.###♣#####
...#g..............
(..#.# #.#...♣#.#
....@# #.#.♣♣.P.#
.!..@####..♣P♣P..#
....†......♣♣PP.##
..<.....#.P♣♣♣♣.#
##..###.#.♣♣♣P.P#
#.. #.#..♣♣♣♣.# #.
#...P.♣♣.##
#....♣...#
#.##..♣.##


You could see Jessica and a goblin.

Vanquished Creatures
  2 adders (D:2)
  2 leopard geckos (D:2)
  3 goblins (D:1)
  5 hobgoblins
  5 kobolds (D:1)
  A ball python (D:2)
  A bat (D:1)
  2 frilled lizards (D:2)
  5 rats (D:1)
26 creatures vanquished.

Notes
Turn   | Place    | Note
-------+----------+-------------------------------------------
     0 | D:1      | sokol815 the Kobold Enchanter began the quest for the Orb.
     0 | D:1      | Reached XP level 1. HP: 10/10 MP: 3/3
   252 | D:1      | Reached XP level 2. HP: 15/15 MP: 5/5
   578 | D:1      | Reached skill level 5 in Stealth
   791 | D:2      | Reached XP level 3. HP: 19/19 MP: 6/6
   989 | D:2      | Noticed Jessica
   997 | D:2      | Killed from afar by Jessica

Illustrated notes

Levels and vault maps discovered:
D:1:      sevenhm_arrival_forest_fort_small_3, layout_loops_ring
D:2:      layout_loops_ring, serial_forest, infiniplex_forest_end_1,
          infiniplex_forest_lined_ring, infiniplex_forest_clump_long,
          infiniplex_forest_straight_5, infiniplex_forest_clump_medium,
          minmay_misc_feat_x, uniq_jessica

Skill      XL: |  1  2 |
---------------+-------+-----
Short Blades   | 2 |  2.7
Stealth        | 5 |  5.6
Dodging        | |  2.4
Spellcasting   | |  2.1
Hexes          | |  3.0

Action                   || total
-------------------------++-------
Melee: Dagger            ||    45
  Use: Potion            ||     1
 Stab: Sleeping          ||    21
Armor: Robe              ||     3
Dodge: Dodged            ||    11

Table legend: (Time is in decaauts)
 A = Elapsed time spent in this place.
 B = Non-inter-level travel time spent in this place.
 C = Inter-level travel time spent in this place.
 D = Time resting spent in this place.
 E = Time spent auto-exploring this place.
 F = Levels seen in this place.
 G = Mean time per level.
                   A        B        C        D        E       F      G
               +--------+--------+--------+--------+--------+-----+--------+
         Total |    992 |    947 |     45 |    141 |    673 |   2 |  496.0 |
       Dungeon |    992 |    947 |     45 |    141 |    673 |   2 |  496.0 |
               +--------+--------+--------+--------+--------+-----+--------+

Top non-repeatable levels by time:
     D:1: 765 daAuts
     D:2: 227 daAuts
